 Dungeon Sprint DCSS version 0.21-a0-396-ga924934 (webtiles) character file.

11015 Kidiri the Eclecticist (level 11, -24/66 HPs)
             Began as a Deep Elf Fire Elementalist on Oct 19, 2017.
             Was the Champion of Vehumet.
             Annihilated by Rupert
             ... wielding a +4 great mace of crushing
              (34 damage)
             ... in the Dungeon (Sprint III: "The Ten Rune Challenge").
             The game lasted 00:19:26 (3033 turns).

Kidiri the Eclecticist (Deep Elf Fire Elementalist) Turns: 3033, Time: 00:19:27

Health: -24/66     AC:  4    Str:  5    XL:     11   Next: 43%
Magic:  14/34      EV: 19    Int: 24    God:    Vehumet [******]
Gold:   47         SH:  0    Dex: 15    Spells: 0/44 levels left

rFire    . . .     SeeInvis +   r - +0 dagger
rCold    . . .     Gourm    .   (no shield)
rNeg     . . .     Faith    .   a - +0 robe
rPois    .         Spirit   .   (helmet restricted)
rElec    .         Reflect  .   (no cloak)
rCorr    .         Harm     .   (no gloves)
MR       +....     NoTele   +   (no boots)
Stlth    ++........             (no amulet)
HPRegen  0.21/turn              (no ring)
MPRegen  0.24/turn              (no ring)

@: hasted, very quick
A: horns 1, slimy green scales 1, see invisible
a: Renounce Religion


You were in the Dungeon.
You worshipped Vehumet.
Vehumet was exalted by your worship.
You were hungry.

You visited 1 branch You collected 47 gold pieces.

Inventory:

Hand Weapons
 r - a +0 dagger (weapon)
Armour
 a - a +0 robe (worn)
Wands
 m - a wand of acid (5/15)
 v - a wand of disintegration (10/24)
Scrolls
 i - a scroll of blinking
 j - 2 scrolls of enchant armour
 k - 3 scrolls of remove curse
 l - 2 scrolls of immolation
 s - a scroll of amnesia {unknown}
Potions
 b - 2 potions of might
 g - a potion of magic
 h - a potion of mutation
 o - 3 potions of flight
 q - a potion of ambrosia {unknown}
 u - a potion of agility {unknown}
Comestibles
 c - a bread ration
 n - 2 meat rations
 p - 25 royal jellies


   Skills:
 + Level 6.9 Fighting
 + Level 8.4 Short Blades
 + Level 6.9 Armour
 + Level 10.2 Dodging
 - Level 2.4 Stealth
 * Level 17.2 Spellcasting
 + Level 10.8 Conjurations
 + Level 11.3 Fire Magic
 + Level 7.5 Ice Magic
 + Level 8.3 Air Magic
 + Level 0.0 Earth Magic
 + Level 9.1 Poison Magic


You couldn't memorise any spells.
You knew the following spells:

 Your Spells              Type           Power        Failure   Level  Hunger
a - Flame Tongue          Conj/Fire      #####        1%          1    None
b - Throw Flame           Conj/Fire      ######       1%          2    None
c - Conjure Flame         Conj/Fire      ######..     1%          3    None
d - Inner Flame           Hex/Fire       #####...     1%          3    None
e - Sticky Flame          Conj/Fire      ######..     1%          4    None
f - Fireball              Conj/Fire      ######....   1%          5    None
g - Bolt of Fire          Conj/Fire      ######....   1%          6    ####...
h - Bolt of Magma         Conj/Fire/Erth ######....   1%          5    None
i - Throw Frost           Conj/Ice       ######       1%          2    None
j - Throw Icicle          Conj/Ice       ######..     1%          4    None
k - Bolt of Cold          Conj/Ice       ######....   2%          6    ####...
l - Mephitic Cloud        Conj/Pois/Air  ######..     1%          3    None


Dungeon Overview and Level Annotations

Branches:
Dungeon (1/1)

Altars:
Cheibriados
Dithmenos
Elyvilon
Fedhas
Gozag
Hepliaklqana
Kikubaaqudgha
Makhleb
Nemelex Xobeh
Okawaru
Qazlal
Ru
Sif Muna
Trog
Uskayaw
Vehumet
Wu Jian
Xom
Yredelemnul
Zin
The Shining One
Beogh
Jiyva
Lugonu

Annotations:
D exclusions: 3 doors and 1 more exclusion, Rupert


Innate Abilities, Weirdness & Mutations

You have a pair of small horns on your head.
You are partially covered in slimy green scales. (AC +2)
You have supernaturally acute eyesight. (SInv)


Message History

Rupert barely misses you.
Rupert roars madly and goes into a rage!
Rupert goes berserk!
There is an open door here.
You bump into the rock wall.
Rupert hits you with a great mace of crushing!!!
Ouch! That really hurt!
* * * LOW HITPOINT WARNING * * *
Unknown command.
Unknown command.
You feel much better.
You feel less confused.
Rupert hits you with a great mace of crushing!!
* * * LOW HITPOINT WARNING * * *
x2 Rupert barely misses you.
Unknown command.
You feel yourself speed up.
Rupert hits you with a great mace of crushing!!
Ouch! That really hurt!
You die...

#..###..##.#.....#.):#__#
#..# #..#####....#___#__+
▓▓▓▓▓▓▓▓▓▓▓▓▓▓▓▓▓▓▓▓▓▓▓▓▓
+≈≈≈§..≈≈≈♣♣.....♣♣♣♣
#≈≈§§§§≈≈≈♣♣.≈≈≈≈'♣♣'
#.≈≈§§§§.≈≈'.....#.≈♣
#≈≈§§§§§≈≈♣♣♣♣♣♣♣#..♣
#.≈≈§≈§§≈≈♣ ###+
####@###### ♣♣♣♣.
........@...... ♣...#
#+############# ♣♣.##
♣..# ♣♣.# ♣♣.# ♣... ####


You could see Rupert (berserk).

Vanquished Creatures
  2 hydras (D)
  Erica (D)
  A centaur warrior (D)
  Urug (D)
  An unseen horror (D)
  A lindwurm (D)
  A deep elf mage (D)
  2 spiny frogs (D)
  A rime drake (D)
  A queen bee (D)
  3 wandering mushrooms (D)
  A komodo dragon (D)
  2 tyrant leeches (D)
  5 blink frogs (D)
  A shadow (D)
  3 redbacks (D)
  A spatial vortex (D)
  3 fire dragon simulacra (D)
  A swamp drake (D)
  A necrophage (D)
  2 centaurs (D)
  A water elemental (D)
  A scorpion (D)
  30 killer bees (D)
  An electric eel (D)
  A jelly (D)
  A wizard (D)
  A necromancer (D)
  A polar bear simulacrum (D)
  3 humans (D)
  A kobold demonologist (D)
  4 rats (D)
  3 ballistomycetes (D)
  2 plants (D)
85 creatures vanquished.

Vanquished Creatures (collateral kills)
  2 killer bees (D)
2 creatures vanquished.

Vanquished Creatures (others)
  2 draconian scorchers (D)
  3 yaktaurs (D)
  6 hellions (D)
  A ballistomycete spore (D)
12 creatures vanquished.

Grand Total: 99 creatures vanquished

Notes
Turn   | Place    | Note
-------+----------+-------------------------------------------
     0 | D        | Kidiri the Deep Elf Fire Elementalist began the quest for the Orb.
     0 | D        | Reached XP level 1. HP: 10/10 MP: 6/6
    71 | D        | Killed a yaktaur
    75 | D        | Reached skill level 4 in Spellcasting
   107 | D        | Killed a hellion
   116 | D        | Killed a hellion
   119 | D        | Killed a hellion
   120 | D        | Killed a hellion
   120 | D        | Killed a hellion
   120 | D        | Killed a hellion
   171 | D        | Noticed a scorpion
   199 | D        | Killed a scorpion
   199 | D        | Reached skill level 7 in Spellcasting
   199 | D        | Reached skill level 5 in Fire Magic
   199 | D        | Reached XP level 2. HP: 15/15 MP: 1/12
   199 | D        | Reached XP level 3. HP: 19/19 MP: 1/13
   203 | D        | Learned a level 2 spell: Throw Flame
   212 | D        | Reached XP level 4. HP: 17/24 MP: 1/15
   217 | D        | Killed a white draconian scorcher
   236 | D        | Killed a white draconian scorcher
   246 | D        | Learned a level 3 spell: Conjure Flame
   250 | D        | Learned a level 3 spell: Inner Flame
   255 | D        | Learned a level 4 spell: Sticky Flame
   273 | D        | Gained mutation: You have supernaturally acute eyesight. (SInv) [potion of mutation]
   273 | D        | Gained mutation: You have a pair of small horns on your head. [potion of mutation]
   273 | D        | Gained mutation: You are partially covered in slimy green scales. (AC +2) [potion of mutation]
   359 | D        | Noticed a water elemental
   361 | D        | Killed a water elemental
   361 | D        | Reached skill level 9 in Spellcasting
   361 | D        | Reached skill level 5 in Conjurations
   405 | D        | Found a radiant altar of Vehumet.
   406 | D        | Found a deep blue altar of Sif Muna.
   406 | D        | Found an ancient bone altar of Kikubaaqudgha.
   406 | D        | Noticed a wizard
   408 | D        | Killed a wizard
   408 | D        | Reached skill level 10 in Spellcasting
   408 | D        | Reached XP level 5. HP: 28/28 MP: 13/19
   418 | D        | Learned a level 5 spell: Fireball
   419 | D        | Became a worshipper of Vehumet
   430 | D        | Learned a level 3 spell: Mephitic Cloud
   476 | D        | Found a glowing silver altar of Zin.
   477 | D        | Found a glowing golden altar of the Shining One.
   477 | D        | Found a white marble altar of Elyvilon.
   477 | D        | Noticed a deep elf mage
   482 | D        | Killed a deep elf mage
   482 | D        | Reached skill level 12 in Spellcasting
   482 | D        | Reached XP level 6. HP: 36/36 MP: 13/23
   482 | D        | Reached XP level 7. HP: 40/40 MP: 13/24
   538 | D        | Found an ornate altar of the Wu Jian Council.
   538 | D        | Found a roughly hewn altar of Beogh.
   538 | D        | Found an iron altar of Okawaru.
   538 | D        | Found a bloodstained altar of Trog.
   538 | D        | Found a hide-covered altar of Uskayaw.
   538 | D        | Noticed a human
   538 | D        | Noticed a human
   543 | D        | Killed a human
   543 | D        | Reached skill level 5 in Dodging
   546 | D        | Killed a human
   546 | D        | Reached * piety under Vehumet
   546 | D        | Offered knowledge of Shock by Vehumet.
   607 | D        | Killed a yaktaur
   622 | D        | Found a basalt altar of Yredelemnul.
   622 | D        | Found a shadowy altar of Dithmenos.
   622 | D        | Found a sacrificial altar of Ru.
   728 | D        | Noticed a shadow
   733 | D        | Killed a shadow
   733 | D        | Offered knowledge of Throw Frost by Vehumet.
   733 | D        | Reached ** piety under Vehumet
   733 | D        | Reached XP level 8. HP: 38/46 MP: 13/26
   800 | D        | Found a blossoming altar of Fedhas.
   800 | D        | Found a stormy altar of Qazlal.
   800 | D        | Found a snail-covered altar of Cheibriados.
   800 | D        | Found a burning altar of Makhleb.
   800 | D        | Found a shimmering altar of Xom.
   801 | D        | Found a hazy altar of Hepliaklqana.
   801 | D        | Found an opulent altar of Gozag.
   801 | D        | Found a sparkling altar of Nemelex Xobeh.
   801 | D        | Found a corrupted altar of Lugonu.
   801 | D        | Found a viscous altar of Jiyva.
   819 | D        | Reached skill level 13 in Spellcasting
   823 | D        | Learned a level 2 spell: Throw Frost
   898 | D        | Noticed Erica
   907 | D        | Killed Erica
   907 | D        | Offered knowledge of Static Discharge by Vehumet.
   907 | D        | Reached skill level 5 in Short Blades
   907 | D        | Reached skill level 5 in Air Magic
   907 | D        | Reached skill level 5 in Poison Magic
  1077 | D        | Noticed a centaur warrior
  1080 | D        | Reached *** piety under Vehumet
  1080 | D        | Reached XP level 9. HP: 28/52 MP: 18/28
  1087 | D        | Killed a centaur warrior
  1087 | D        | Offered knowledge of Throw Icicle by Vehumet.
  1087 | D        | Reached skill level 14 in Spellcasting
  1232 | D        | Noticed an unseen horror
  1238 | D        | Killed an unseen horror
  1238 | D        | Reached skill level 5 in Fighting
  1238 | D        | Reached skill level 5 in Armour
  1244 | D        | Learned a level 4 spell: Throw Icicle
  1256 | D        | Reached **** piety under Vehumet
  1256 | D        | Offered knowledge of Iskenderun's Mystic Blast by Vehumet.
  1270 | D        | Reached ***** piety under Vehumet
  1287 | D        | Reached ****** piety under Vehumet
  1293 | D        | Reached skill level 15 in Spellcasting
  1293 | D        | Reached XP level 10. HP: 59/59 MP: 7/31
  1300 | D        | Reached skill level 10 in Fire Magic
  1309 | D        | Reached skill level 5 in Ice Magic
  1481 | D        | Offered knowledge of Bolt of Fire by Vehumet.
  1489 | D        | Learned a level 6 spell: Bolt of Fire
  1613 | D        | Noticed a five-headed hydra
  1613 | D        | Noticed a five-headed hydra
  1615 | D        | Offered knowledge of Fulminant Prism by Vehumet.
  1616 | D        | Killed a five-headed hydra
  1619 | D        | Killed a five-headed hydra
  1619 | D        | Reached skill level 16 in Spellcasting
  1619 | D        | Reached skill level 10 in Conjurations
  1736 | D        | Noticed a spiny frog
  1736 | D        | Noticed a spiny frog
  1737 | D        | Killed a spiny frog
  1739 | D        | Killed a spiny frog
  1740 | D        | Reached XP level 11. HP: 51/65 MP: 17/33
  2171 | D        | Offered knowledge of Bolt of Cold by Vehumet.
  2179 | D        | Learned a level 6 spell: Bolt of Cold
  2306 | D        | Noticed a lindwurm
  2309 | D        | Killed a lindwurm
  2418 | D        | Noticed Urug
  2422 | D        | Killed Urug
  2422 | D        | Reached skill level 10 in Dodging
  2681 | D        | Reached skill level 17 in Spellcasting
  2756 | D        | Offered knowledge of Bolt of Magma by Vehumet.
  3020 | D        | Learned a level 5 spell: Bolt of Magma
  3021 | D        | Noticed Rupert
  3033 | D        | Annihilated by Rupert

Vault maps used:
D:        dungeon_sprint_mu

Skill      XL: |  1  2  3  4  5  6  7  8  9 10 11 |
---------------+----------------------------------+-----
Spellcasting   | 7 10 12 13 15 16 17 | 17.2
Conjurations   | 3 4 5 7 8 9 10 | 10.8
Fire Magic     | 5 6 7 8 9 10 11 | 11.3
Fighting       | 2 3 4 5 6 |  6.9
Short Blades   | 3 4 5 6 7 8 |  8.4
Armour         | 2 3 4 5 6 |  6.9
Dodging        | 4 5 6 8 9 10 | 10.2
Air Magic      | 3 4 5 6 7 8 |  8.3
Poison Magic   | 3 4 5 6 8 9 |  9.1
Ice Magic      | 2 4 6 7 |  7.5
Stealth        | |  2.4

Action                   |  1- 3 |  4- 6 |  7- 9 | 10-12 || total
-------------------------+-------+-------+-------+-------++-------
Melee: Unarmed           |     4 |       |       |       ||     4
       Dagger            |       |       |     1 |     7 ||     8
       Headbutt          |       |       |     1 |     1 ||     2
 Cast: Flame Tongue      |    15 |     6 |    63 |    23 ||   107
       Sticky Flame      |       |     2 |     3 |     7 ||    12
       Conjure Flame     |       |     1 |     4 |     1 ||     6
       Mephitic Cloud    |       |     1 |     5 |     1 ||     7
       Inner Flame       |       |       |     6 |     1 ||     7
       Fireball          |       |       |     2 |     2 ||     4
       Bolt of Fire      |       |       |       |    23 ||    23
       Throw Icicle      |       |       |       |     2 ||     2
       Throw Flame       |       |       |       |     2 ||     2
       Bolt of Cold      |       |       |       |     5 ||     5
       Throw Frost       |       |       |       |     4 ||     4
  Use: Potion            |     1 |     2 |       |     6 ||     9
       Scroll            |       |     3 |     1 |     1 ||     5
 Stab: Sleeping          |       |       |     1 |     2 ||     3
  Eat: Chunk             |       |       |     1 |     3 ||     4
       Bread ration      |       |       |       |     1 ||     1
       Royal jelly       |       |       |       |     1 ||     1
Armor: Robe              |     1 |       |       |     2 ||     3
Dodge: Dodged            |     7 |     1 |     8 |    26 ||    42

Table legend:
 A = Spawn XP
 B = Non-spawn XP
 C = Spawn XP percentage of total XP
 D = Spawn monster count
 E = Non-spawn monster count
 F = Spawn count percentage of total count
 G = Total turns spent on level
                    A         B        C        D         E        F      G
               +---------+---------+-------+---------+---------+-------+---------
         Total |       0 |   15736 |   0.0 |       0 |      82 |   0.0 |  3033
               +---------+---------+-------+---------+---------+-------+---------
             D |       0 |   15736 |   0.0 |       0 |      82 |   0.0 |  3033
               +---------+---------+-------+---------+---------+-------+---------
